 Dungeon Crawl Stone Soup version 0.26-a0-651-gb41185065b (webtiles) character file.

Game seed: 17671564091629130517

3394 Arthanis the Destroyer (level 9, -10/48 HPs)
             Began as a Deep Elf Conjurer on Oct 25, 2020.
             Mangled by an orc warrior
             ... wielding a +0 scimitar
              (21 damage)
             ... on level 6 of the Dungeon.
             The game lasted 00:24:24 (10557 turns).

Arthanis the Destroyer (Deep Elf Conjurer)         Turns: 10557, Time: 00:24:25

Health: -10/48     AC:  3    Str:  4    XL:     9   Next: 75%
Magic:  19/25      EV: 19    Int: 34    God:
Gold:   455        SH:  5    Dex: 19    Spells: 23/28 levels left

rFire    . . .     SeeInvis .   f - +8 mace of the Spectre {venom, rElec MR+ Int+7}
rCold    . . .     Faith    .   (no shield)
rNeg     . . .     Spirit   .   a - +0 robe
rPois    .         Reflect  +   (no helmet)
rElec    +         Harm     .   (no cloak)
rCorr    .         Rampage  .   C - +0 pair of gloves
MR       +....                  (no boots)
Stlth    ++........             g - amulet of reflection
HPRegen  0.16/turn              c - +6 ring of dexterity
MPRegen  0.19/turn              n - +4 ring of evasion

@: no status effects
A: no striking features
a: no special abilities


You were on level 6 of the Dungeon.
You visited 2 branches of the dungeon, and saw 8 of its levels.

You collected 455 gold pieces.

Inventory:

Hand Weapons
 b - a +0 dagger
 f - the +8 mace of the Spectre (weapon) {venom, rElec MR+ Int+7}
   (You found it on level 6 of the Dungeon)

   It poisons the flesh of those it strikes.
   It affects your intelligence (+7).
   It insulates you from electricity.
   It affects your resistance to hostile enchantments.
 h - a +0 short sword
 l - a +1 dagger of venom
 p - a +0 halberd
 x - a +1 hand axe of draining
 y - the +4 trident of Mephe {vamp, +Fly Int+4}
   (You found it on level 4 of the Dungeon)

   It inflicts no extra harm, but heals its wielder when it wounds a living foe.
   It affects your intelligence (+4).
   It lets you fly.
 H - a +0 war axe of flaming
 I - a +4 quarterstaff of chaos
Armour
 a - a +0 robe (worn)
 C - a +0 pair of gloves (worn)
 J - a cursed +0 cloak
Jewellery
 c - a +6 ring of dexterity (left hand)
 g - an amulet of reflection (around neck)
 n - a +4 ring of evasion (right hand)
 B - an uncursed ring of see invisible
 F - an uncursed amulet of regeneration
 G - an uncursed ring of protection from cold
Wands
 z - a wand of enslavement (8)
Scrolls
 j - a scroll of enchant weapon
 k - 4 scrolls of remove curse
 m - a scroll of fog
 r - 4 scrolls of teleportation
 s - 3 scrolls of amnesia
 u - 2 scrolls of blinking
 A - a scroll of immolation
 D - a scroll of enchant armour
Potions
 d - a potion of heal wounds
 e - 4 potions of might {unknown}
 i - 5 potions of stabbing
 o - 2 potions of flight {unknown}
 t - a potion of brilliance {unknown}
 w - a potion of haste {unknown}
 E - a potion of curing {unknown}


   Skills:
 - Level 2.0 Fighting
 - Level 4.0 Dodging
 - Level 2.4 Stealth
 + Level 10.2 Spellcasting
 * Level 12.0 Conjurations
 + Level 3.3 Evocations


You had 23 spell levels left.
You knew the following spells:

 Your Spells              Type           Power        Failure   Level
a - Magic Dart            Conj           ####         1%          1
b - Fulminant Prism       Conj/Hex       ######....   2%          4

Your spell library contained the following spells:

 Spells                   Type           Power        Failure   Level
 Searing Ray              Conj           ######       1%          2
 Dazzling Flash           Conj/Hex       ######       1%          3
 Freeze                   Ice            ###.         2%          1
 Hailstorm                Conj/Ice       ######..     2%          4
 Iskenderun's Mystic Bla  Conj/Tloc      ######..     2%          4
 Frozen Ramparts          Ice            ###...       8%          3
 Ozocubu's Armour         Ice            ###.....     8%          3
 Summon Ice Beast         Ice/Summ       ###.....     26%         4


Dungeon Overview and Level Annotations

Branches:
Dungeon (7/15)             Temple (1/1) D:5

Altars:
Ashenzari
Dithmenos
Elyvilon
Fedhas
Gozag
Hepliaklqana
Kikubaaqudgha
Nemelex Xobeh
Ru
Sif Muna
Trog
Uskayaw
Wu Jian
Xom
Yredelemnul
Zin

Annotations:
D:7 Harold


Message History

You kill the orc!
Your fulminant prism crackles loudly.
Casting: Magic Dart (safe; 1% risk of failure)
Confirm with . or Enter, or press ? or * to list all spells.
Aiming: Magic Dart (safe; 1% risk of failure)
Press: ? - help, Shift-Dir - straight line, f - orc warrior
Aim: an orc warrior, wielding a +0 scimitar and wearing a +0 plate armour The magic dart hits the orc warrior but does no damage.
An orc comes into view.
It is wielding a +3 dagger of electrocution and quivering 3 atropa-tipped darts.
Your fulminant prism explodes!
The blast of energy engulfs the orc warrior!
The orc warrior is heavily wounded.
The blast of energy engulfs you!!
Ouch! That really hurt!
The orc warrior hits you with a +0 scimitar!
* * * LOW HITPOINT WARNING * * *
You climb upwards.
There is a stone staircase leading down here.
The orc warrior hits you with a +0 scimitar!!
You die...

#....# ### #.# #.# #.##.#
##.###.## #.# #
#.##.###†.)†...# #.###
#..........)#..###.##.
#.(#.###...##.........
###).#(####.###.####....
#.......# #.# #......###
#.#.>.o.# #.# ######.###
#[##.##@###'## #....
#.##.##<##...## #..##
####....##.#.....## ##...#
#.........[.......####.....
#.#...###.....†.)).##.#...#
#..>.....[..([....['[......
#.#.......[........#.##...#
#.##.#.##.#.......##.###...
#.####.##.##.(...####.####.


You could see an orc warrior.

Vanquished Creatures
  A wraith (D:7)
  Eustachio (D:5)
  Edmund (D:6)
  Duvessa (D:6)
  A sky beast (D:5)
  3 orc warriors
  An ogre (D:4)
  3 phantoms
  5 centaurs
  5 bullfrogs (D:6)
  A big kobold (D:6)
  A gnoll sergeant (D:6)
  Dowan (D:6)
  A water moccasin skeleton (D:5)
  A jelly (D:6)
  Crazy Yiuf (D:6)
  11 orc wizards
  5 orc priests
  2 bullfrog skeletons
  8 worker ants
  A hound skeleton (D:4)
  A worker ant zombie (D:6)
  13 gnolls
  A howler monkey skeleton (D:6)
  11 adders
  A white imp (D:6)
  2 ufetubi (D:5)
  2 adder skeletons (D:4)
  3 worms
  2 dart slugs
  5 leopard geckos
  29 orcs
  4 ball pythons
  15 bats
  9 giant cockroaches
  6 goblins
  4 hobgoblins
  3 jackals (D:4)
  20 kobolds
  3 quokkas
  7 frilled lizards
  A quokka skeleton (D:6)
  4 rats
201 creatures vanquished.

Vanquished Creatures (others)
  A kobold (D:7)
  48 fulminant prisms
49 creatures vanquished.

Grand Total: 250 creatures vanquished

Notes
Turn   | Place    | Note
-------+----------+-------------------------------------------
     0 | D:1      | Arthanis the Deep Elf Conjurer began the quest for the Orb.
     0 | D:1      | Reached XP level 1. HP: 10/10 MP: 6/6
   186 | D:1      | Reached XP level 2. HP: 15/15 MP: 2/8
   606 | D:1      | Reached skill level 5 in Conjurations
  1264 | D:2      | Reached XP level 3. HP: 19/19 MP: 8/10
  1853 | D:2      | Reached XP level 4. HP: 24/24 MP: 9/12
  2234 | D:2      | Reached skill level 6 in Conjurations
  2234 | D:2      | Reached XP level 5. HP: 28/28 MP: 8/14
  2968 | D:3      | Noticed an ogre
  3101 | D:3      | Reached skill level 5 in Spellcasting
  3797 | D:4      | Reached XP level 6. HP: 8/32 MP: 6/16
  4222 | D:4      | Reached skill level 7 in Conjurations
  4676 | D:4      | Reached XP level 7. HP: 36/36 MP: 11/18
  4735 | D:4      | Got a fine trident
  4736 | D:4      | Identified the +4 trident of Mephe {vamp, +Fly Int+4} (You
                  | found it on level 4 of the Dungeon)
  4761 | D:4      | Reached skill level 8 in Conjurations
  4984 | D:4      | Found a blossoming altar of Fedhas.
  4987 | D:4      | Found an ancient bone altar of Kikubaaqudgha.
  5003 | D:5      | Entered Level 5 of the Dungeon
  5187 | D:5      | Learned a level 4 spell: Fulminant Prism
  5396 | D:5      | Found a bloodstained altar of Trog.
  5396 | D:5      | Found a white marble altar of Elyvilon.
  5495 | D:5      | Found a staircase to the Ecumenical Temple.
  5501 | Temple   | Entered the Ecumenical Temple
  6137 | D:5      | Reached skill level 9 in Conjurations
  6353 | D:5      | Found a shimmering altar of Xom.
  6470 | D:6      | Reached XP level 8. HP: 31/41 MP: 13/21
  6493 | D:6      | HP: 2/41 [something[the player character] (32)]
  6794 | D:6      | Reached skill level 10 in Conjurations
  6913 | D:6      | Noticed Eustachio
  7111 | D:5      | Killed Eustachio
  7883 | D:5      | Reached skill level 11 in Conjurations
  7993 | D:6      | Reached XP level 9. HP: 39/45 MP: 17/24
  8275 | D:6      | Noticed Duvessa
  8285 | D:6      | Noticed Dowan
  8289 | D:6      | Killed Duvessa
  8289 | D:6      | Reached skill level 1 in Evocations
  8301 | D:6      | Killed Dowan
  8309 | D:6      | Reached skill level 1 in Fighting
  8693 | D:6      | Noticed Edmund
  8763 | D:6      | Killed Edmund
  9153 | D:6      | Found a runed translucent door.
  9154 | D:6      | Noticed Crazy Yiuf
  9166 | D:6      | Killed Crazy Yiuf
  9195 | D:6      | Got an ivory mace
  9196 | D:6      | Identified the +8 mace of the Spectre {venom, rElec MR+
                  | Int+7} (You found it on level 6 of the Dungeon)
  9372 | D:7      | Noticed Harold
 10131 | D:7      | Reached skill level 10 in Spellcasting
 10179 | D:7      | Reached skill level 12 in Conjurations
 10557 | D:6      | Mangled by an orc warrior

Illustrated notes

Levels and vault maps discovered:
D:1:      elethiomel_arrival_infinity_welcomes_careful_drivers,
          layout_loops_corners, patterned_corridor
D:2:      cheibrodos_pilgrimage, layout_basic, minmay_tall_x
D:3:      layout_loops_ring
D:4:      layout_basic, grunt_temple_overflow_growth_and_decay,
          minmay_divided_ellipse
D:5:      layout_layer_cave, lemuel_round_altar,
          gammafunk_temple_overflow_statue, minmay_temple_entry_hall
D:6:      layout_loops_corners, uniq_crazy_yiuf_cottage, uniq_duvessa,
          uniq_edmund, uniq_eustachio
D:7:      layout_cave_pools, cheibrodos_worm_habitat, uniq_harold
Temple:   jpeg_temple_clearing

Skill      XL: |  1  2  3  4  5  6  7  8  9 |
---------------+----------------------------+-----
Conjurations   | 5 6 7 9 11 12 | 12.0
Spellcasting   | 4 5 6 7 9 10 | 10.2
Dodging        | 3 4 |  4.0
Evocations     | 3 |  3.3
Fighting       | 2 |  2.0
Stealth        | |  2.4

Action                   |  1- 3 |  4- 6 |  7- 9 || total
-------------------------+-------+-------+-------++-------
Melee: Dagger            |       |    23 |       ||    23
       Trident           |       |       |    13 ||    13
       Mace              |       |       |    18 ||    18
 Cast: Magic Dart        |    76 |   187 |   278 ||   541
       Fulminant Prism   |       |       |    48 ||    48
  Use: Potion            |       |       |     1 ||     1
       Scroll            |       |       |    13 ||    13
 Stab: Sleeping          |       |     2 |       ||     2
Armor: Robe              |     2 |    10 |     7 ||    19
Dodge: Dodged            |     6 |    39 |   152 ||   197
Block: Other             |       |    12 |    39 ||    51
       Reflection        |       |       |     4 ||     4

Table legend: (Time is in decaauts)
 A = Elapsed time spent in this place.
 B = Non-inter-level travel time spent in this place.
 C = Inter-level travel time spent in this place.
 D = Time resting spent in this place.
 E = Time spent auto-exploring this place.
 F = Levels seen in this place.
 G = Mean time per level.
                   A        B        C        D        E       F      G
               +--------+--------+--------+--------+--------+-----+--------+
         Total |  10583 |  10231 |    352 |   2221 |   6385 |   8 | 1322.9 |
       Dungeon |  10497 |  10157 |    340 |   2221 |   6312 |   7 | 1499.6 |
        Temple |     86 |     74 |     12 |      0 |     73 |   1 |   86.0 |
               +--------+--------+--------+--------+--------+-----+--------+

Top non-repeatable levels by time:
     D:6: 3264 daAuts
     D:5: 1872 daAuts
     D:4: 1526 daAuts
     D:2: 1454 daAuts
     D:1: 1241 daAuts
     D:3: 937 daAuts
     D:7: 200 daAuts
  Temple: 86 daAuts
